 Dungeon Crawl Stone Soup version 0.25.1-1-g288607f5aa (webtiles) character file.

Game seed: 16148181387547911863

984 Elvor the Bolt Thrower (level 7, -13/63 HPs)
             Began as a Minotaur Hunter on July 20, 2020.
             Mangled by an orc warrior
             ... wielding a +0 long sword
              (20 damage)
             ... on level 4 of the Dungeon.
             The game lasted 00:40:12 (3092 turns).

Elvor the Bolt Thrower (Minotaur Hunter)            Turns: 3092, Time: 00:40:12

Health: -13/63     AC:  6    Str: 25    XL:     7   Next: 97%
Magic:  8/15       EV: 10    Int:  8    God:
Gold:   214        SH:  9    Dex: 10    Spells: 6/6 levels left

rFire    . . .     SeeInvis .   b - +0 short sword
rCold    . . .     Gourm    .   r - +0 kite shield
rNeg     . . .     Faith    .   c - +0 leather armour
rPois    .         Spirit   .   (helmet restricted)
rElec    .         Reflect  .   g - scarf {+Inv}
rCorr    .         Harm     .   q - +2 pair of gloves
MR       .....                  (no boots)
Stlth    +.........             (no amulet)
HPRegen  0.20/turn              h - ring of magical power
MPRegen  0.14/turn              j - +6 ring of strength

@: no status effects
A: retaliatory headbutt, horns 2
a: Evoke Invisibility


You were on level 4 of the Dungeon.
You were not hungry.

You visited 1 branch of the dungeon, and saw 5 of its levels.

You collected 214 gold pieces.

Inventory:

Hand Weapons
 a - a +1 hand crossbow
 b - a +0 short sword (weapon)
 v - a +0 war axe
Missiles
 p - 10 bolts
 w - 18 poisoned darts (quivered)
 C - 4 boomerangs
Armour
 c - a +0 leather armour (worn)
 g - a scarf of invisibility (worn)
 i - a +0 cloak
 q - a +2 pair of gloves (worn)
 r - a +0 kite shield (worn)
Jewellery
 h - a ring of magical power (left hand)
 j - a +6 ring of strength (right hand)
 u - an uncursed ring of teleportation
 y - a +6 ring of intelligence
Scrolls
 k - 2 scrolls of fog
 l - a scroll of remove curse
 m - 2 scrolls of immolation
 o - 2 scrolls of enchant weapon {unknown}
 x - a scroll of fear {unknown}
Potions
 e - a potion of flight {unknown}
 n - a potion of ambrosia {unknown}
 s - a potion of brilliance {unknown}
 t - a potion of degeneration {unknown}
 z - a potion of curing
 A - a potion of heal wounds {unknown}
 B - a potion of cancellation {unknown}
 E - a potion of mutation {unknown}
Comestibles
 d - 6 chunks of flesh
 f - 5 rations


   Skills:
 * Level 6.0 Fighting
 + Level 2.2 Short Blades
 + Level 1.4 Axes
 + Level 7.0 Crossbows
 + Level 2.2 Throwing
 + Level 2.8 Armour
 + Level 3.2 Dodging
 + Level 1.1 Stealth
 + Level 3.3 Shields
 + Level 0.3 Evocations


You had 6 spell levels left.
You didn't know any spells.
Your spell library contained the following spells:

 Spells                   Type           Power        Failure   Level  Hunger
 Confusing Touch          Hex            #.......     100%        3    ####...
 Gell's Gravitas          Tloc           #.........   100%        3    ####...
 Petrify                  Tmut/Erth      #.......     100%        4    #####..
 Metabolic Englaciation   Hex/Ice        #.........   100%        5    ######.
 Yara's Violent Unravell  Hex/Tmut       #.........   100%        5    ######.


Dungeon Overview and Level Annotations

Branches:
Dungeon (5/15)
 Temple: D:4-7

Altars:


Innate Abilities, Weirdness & Mutations

You reflexively headbutt those who attack you in melee.
You have a pair of horns on your head.


Message History

You hit the orc warrior but do no damage.
The orc warrior is lightly wounded.
You block the orc warrior's attack.
You hit the orc warrior but do no damage.
You headbutt the orc warrior.
The orc warrior is moderately wounded.
You hit the orc warrior but do no damage.
The orc warrior is moderately wounded.
The orc warrior hits you with a +0 long sword!
You hit the orc warrior.
The orc warrior is heavily wounded.
The orc warrior hits you with a +0 long sword!
Some of the chunks of flesh in your inventory have rotted away.
You hit the orc warrior.
The orc warrior is heavily wounded.
The orc warrior hits you with a +0 long sword!!
* * * LOW HITPOINT WARNING * * *
You feel better.
The orc warrior hits you with a +0 long sword!!
You die...

<....####.#............###..#
..........[....<.....### ##.#
..........)....#.....### #)#####
...##..................# ##.).##.
...##..................###...)...
......[................##........
###............)=.<..............
#..............#.....##........
#............)@##.>..###.......
##..........#o.##....####...##.
#..#.#................# #######
##.......##............#
##......#####...........###
.....#...####.............##
.#..####.......####...#....#
#..## ######....##...####.##
..####### ####............###


You could see an orc warrior.

Vanquished Creatures
  Menkaure (D:3)
  2 ogres
  A phantom (D:4)
  3 scorpions (D:4)
  2 orc priests (D:4)
  2 centaur skeletons (D:4)
  Crazy Yiuf (D:3)
  Jessica (D:3)
  2 orc wizards (D:4)
  A worker ant (D:2)
  A hound skeleton (D:4)
  Robin (D:3)
  6 adders
  An ooze (D:4)
  An adder skeleton (D:4)
  2 worms
  2 dart slugs
  A leopard gecko (D:3)
  27 orcs
  9 bats
  5 giant cockroaches
  17 goblins
  16 hobgoblins
  10 kobolds
  2 quokkas
  7 frilled lizards
  6 rats
130 creatures vanquished.

Notes
Turn   | Place    | Note
-------+----------+-------------------------------------------
     0 | D:1      | Elvor the Minotaur Hunter began the quest for the Orb.
     0 | D:1      | Reached XP level 1. HP: 18/18 MP: 0/0
   155 | D:1      | Reached XP level 2. HP: 25/25 MP: 1/1
   211 | D:1      | Reached skill level 5 in Crossbows
   609 | D:2      | Reached XP level 3. HP: 30/30 MP: 2/2
   744 | D:2      | Found a faded altar of an unknown god.
  1002 | D:2      | Reached XP level 4. HP: 37/38 MP: 3/3
  1610 | D:3      | Noticed Jessica
  1624 | D:3      | Killed Jessica
  1624 | D:3      | Reached skill level 6 in Crossbows
  1665 | D:3      | Found a runed translucent door.
  1666 | D:3      | Noticed Crazy Yiuf
  1747 | D:3      | Identified the +0 helmet "Otzunimyn" {MP+9 Dex+2}
  1747 | D:3      | Noticed Robin
  1749 | D:3      | Reached XP level 5. HP: 46/46 MP: 4/4
  1771 | D:3      | Killed Robin
  1959 | D:3      | Reached skill level 1 in Armour
  2134 | D:3      | Killed Crazy Yiuf
  2134 | D:3      | Reached skill level 1 in Axes
  2237 | D:4      | Noticed Menkaure
  2244 | D:3      | Killed Menkaure
  2244 | D:3      | Reached skill level 1 in Stealth
  2244 | D:3      | Reached skill level 1 in Shields
  2244 | D:3      | Reached XP level 6. HP: 49/53 MP: 5/5
  2298 | D:4      | Reached skill level 5 in Fighting
  2455 | D:3      | Reached skill level 1 in Short Blades
  2455 | D:3      | Reached XP level 7. HP: 32/61 MP: 6/6
  2508 | D:4      | Reached skill level 1 in Throwing
  2716 | D:4      | Reached skill level 7 in Crossbows
  3060 | D:5      | Entered Level 5 of the Dungeon
  3091 | D:4      | HP: 2/63 [orc warrior/+0 long sword (20)]
  3092 | D:4      | Mangled by an orc warrior

Illustrated notes

Levels and vault maps discovered:
D:1:      nicolae_arrival_memento_mori, layout_rooms,
          chequers_serial_rivers_micro_e, serial_bayou_pond_a
D:2:      minmay_chambers_of_twos, layout_loops_ring,
          chequers_ecumenical_altar_grove, minmay_goblin_outpost
D:3:      layout_basic, first_ration, uniq_jessica, uniq_robin,
          uniq_crazy_yiuf_cottage
D:4:      layout_rooms, st_stairs_4, uniq_menkaure
D:5:      cheibrodos_thug_alley, layout_basic, minmay_temple_entry_offerings

Skill      XL: |  1  2  3  4  5  6  7 |
---------------+----------------------+-----
Crossbows      | 5 6 7 |  7.0
Fighting       | 3 4 5 6 |  6.0
Armour         | 2 |  2.8
Axes           | 1 |  1.4
Stealth        | 1 |  1.1
Shields        | 1 2 3 |  3.3
Dodging        | 3 |  3.2
Short Blades   | 1 2 |  2.2
Throwing       | 2 |  2.2
Evocations     | |  0.3

Action                   |  1- 3 |  4- 6 |  7- 9 || total
-------------------------+-------+-------+-------++-------
Melee: Short sword       |    17 |    39 |    39 ||    95
       Headbutt          |     5 |    24 |     8 ||    37
       War axe           |       |    53 |       ||    53
 Fire: Hand crossbow     |    67 |    82 |    42 ||   191
Throw: Dart              |       |     3 |    25 ||    28
 Abil: Evoke Invisibilit |     1 |       |       ||     1
  Use: Scroll            |       |     5 |     1 ||     6
       Potion            |       |     1 |     1 ||     2
 Stab: Sleeping          |       |     1 |       ||     1
  Eat: Chunk             |     1 |     4 |     2 ||     7
Armor: Leather armour    |    14 |    38 |     7 ||    59
Dodge: Dodged            |    20 |    47 |    12 ||    79
Block: Kite shield       |     3 |    62 |    15 ||    80
